 Dungeon Crawl Stone Soup version 0.30-a0-476-g330ca2eb8e (webtiles) character file.

Game seed: 11097474753497645110

321588 blackman the Warrior (level 22, -3/167 (192) HPs)
             Began as a Human Delver on Dec 5, 2022.
             Was the Champion of Ru.
             Killed from afar by a frost giant (8 damage)
             ... with a bolt of cold
             ... on level 1 of the Vaults on Dec 21, 2022.
             The game lasted 02:33:11 (76171 turns).

blackman the Warrior (Human Delver)                Turns: 76171, Time: 02:33:12

HP:   -3/167 (192)  AC: 38    Str: 38    XL:     22   Next: 48%
MP:   1/49          EV:  9    Int:  6    God:    Ru [******]
Gold: 5675          SH:  0    Dex: 22    Spells: 49/49 levels left

rFire   + + .      SeeInvis .    q - +9 bardiche (freeze)
rCold   + . .      Faith    .    (shield currently unavailable)
rNeg    . . .      Spirit   .    P - +8 chain mail of the Purple Skies {MP+9 Str+3}
rPois   .          Reflect  .    z - +0 helmet of the Midnight Sun {-Cast Str+8 Int-3 Dex+7}
rElec   +          Harm     .    N - scarf {rC+ rF+}
rCorr   .          Rampage  ∞    M - +3 Mad Mage's Maulers {Infuse+∞ RegenMP Int-3}
Will    +++..      NoCast   +    u - +3 pair of seven-league boots {Rampage+∞}
Stlth   ++........               i - amulet of magic regeneration
HPRegen 0.00/turn                R - ring "Xeossuit" {+Blink rElec Str+6 Dex-3 Stlth+}
MPRegen 1.11/turn                L - ring of Qemu {*Corrode rF+ Will++ AC+4}

@: exhausted, inhibited regen, studying 2 skills, heavily drained
A: inhibited regeneration, hated by all, inability to train dodging, no fire
magic, no hexes magic, no necromancy magic, unskilled 1, missing an eye, talons
1, iridescent scales 1, thin skeletal structure 1
}: 2/15 runes: decaying, serpentine
a: Renounce Religion, Evoke Blink, Draw Out Power, Power Leap, Apocalypse


You were on level 1 of the Vaults.
You worshipped Ru.
Ru was exalted by your worship.
You visited 8 branches of the dungeon, and saw 35 of its levels.
You also visited: Trove, Sewer, Ice Cave and Volcano.

You collected 6928 gold pieces.
You spent 1253 gold pieces at shops.

Inventory:

Hand Weapons
 q - a +9 bardiche of freezing (weapon)
Missiles
 T - 3 throwing nets
 W - 11 curare-tipped darts
Armour
 e - a +2 cloak
 u - the +3 pair of seven-league boots (worn) {Rampage+∞}
   (You found it on level 1 of the Lair of Beasts)

   Its wearer moves as far as possible in that direction when moving towards
   enemies.
 z - the +0 helmet of the Midnight Sun (worn) {-Cast Str+8 Int-3 Dex+7}
   (You found it in a treasure trove)

   Str:       It affects your strength (+8).
   Int:       It affects your intelligence (-3).
   Dex:       It affects your dexterity (+7).
   -Cast:     It prevents spellcasting.
 I - a +2 pair of gloves of strength
 M - the +3 Mad Mage's Maulers (worn) {Infuse+∞ RegenMP Int-3}
   (You bought it in a shop on level 2 of the Orcish Mines)

   It empowers its wearer's blows with all of their magic.
   It causes its wearer's magical reserves to regenerate more quickly.
   Int:       It affects your intelligence (-3).
 N - a scarf of resistance (worn)
 P - the +8 chain mail of the Purple Skies (worn) {MP+9 Str+3}
   (You found it in a treasure trove)

   Str:       It affects your strength (+3).
   MP:        It affects your magic capacity (+9).
Jewellery
 d - a ring of positive energy
 f - a +4 ring of protection
 g - the ring "Urisyuf" {Contam Fly rF+++ rC- Dex+5}
   (You took it off a deep elf pyromancer on level 3 of the Elven Halls)

   [ring of flight]

   Dex:       It affects your dexterity (+5).
   rF:        It renders you almost immune to fire.
   rC:        It makes you vulnerable to cold.
   Fly:       It grants you flight.
   Contam:    It causes magical contamination when unequipped.
 i - an amulet of magic regeneration (around neck)
 l - an amulet of reflection
 m - a ring of positive energy
 s - the ring of Xoobishro {Ice rPois Will+}
   (You found it on level 3 of the Elven Halls)

   [ring of ice]

   It enhances your ice magic.
   rF:        It makes you vulnerable to fire.
   rC:        It protects you from cold.
   rPois:     It protects you from poison.
   Will:      It increases your willpower.
 w - an amulet of regeneration
 y - a +4 ring of evasion
 A - a ring of wizardry
 B - a +6 ring of dexterity
 K - a ring of protection from fire
 L - the ring of Qemu (right hand) {*Corrode rF+ Will++ AC+4}
   (You found it on level 10 of the Dungeon)

   [ring of protection]

   AC:        It affects your AC (+4).
   rF:        It protects you from fire.
   *Corrode:  It may corrode you when you take damage.
   Will:      It greatly increases your willpower.
 R - the ring "Xeossuit" (left hand) {+Blink rElec Str+6 Dex-3 Stlth+}
   (You found it on level 2 of the Elven Halls)

   [ring of strength]

   Str:       It affects your strength (+6).
   Dex:       It affects your dexterity (-3).
   rElec:     It insulates you from electricity.
   +Blink:    It lets you blink.
   Stlth:     It makes you more stealthy.
Wands
 n - a wand of iceblast (15)
 G - a wand of flame (60)
 O - a wand of mindburst (22)
 Z - a wand of digging (6)
Scrolls
 a - 20 scrolls of identify
 c - 7 scrolls of fog
 h - 2 scrolls of enchant weapon (quivered)
 k - 3 scrolls of vulnerability
 p - 7 scrolls of teleportation
 v - 8 scrolls of immolation
 C - 2 scrolls of poison
 F - 3 scrolls of magic mapping
 Q - 4 scrolls of fear
Potions
 b - 7 potions of lignification
 j - 6 potions of brilliance
 o - 4 potions of ambrosia
 r - 3 potions of invisibility
 t - 5 potions of mutation
 x - 7 potions of attraction
 D - 6 potions of haste
 E - 4 potions of curing
 H - 4 potions of cancellation
 S - 2 potions of resistance
 U - 3 potions of might
 Y - 2 potions of berserk rage
Miscellaneous
 J - a condenser vane
 V - a tin of tremorstones (2/2)
 X - a phial of floods (inert)


   Skills:
 - Level 20.5 Fighting
 - Level 20.0 Polearms
 * Level 15.1 Armour
 - Level 4.5 Stealth
 - Level 14.0 Spellcasting
 - Level 0.2 Evocations


You had 49 spell levels left.
You didn't know any spells.
Your spell library contained the following spells:

 Spells                   Type           Power      Damage    Failure   Level
 Apportation              Tloc           8%         N/A       30%         1
 Freeze                   Ice            16%        1d4       30%         1
 Shock                    Conj/Air       16%        1d4       30%         1
 Blink                    Tloc           8%         N/A       41%         2
 Momentum Strike          Conj/Tloc      8%         3d8       41%         2
 Static Discharge         Conj/Air       8%         2-3/arc   41%         2
 Frozen Ramparts          Ice            8%         1d2       65%         3
 Gell's Gravitas          Tloc           4%         N/A       65%         3
 Hailstorm                Conj/Ice       4%         3d4       65%         3
 Lesser Beckoning         Tloc           8%         N/A       65%         3
 Ozocubu's Armour         Ice            4%         N/A       65%         3
 Swiftness                Air            4%         N/A       65%         3
 Teleport Other           Tloc           4%         N/A       65%         3
 Vhi's Electric Charge    Tloc/Air       8%         N/A       65%         3
 Airstrike                Air            2%         2d(1-17)  96%         4
 Iskenderun's Mystic Bla  Conj/Tloc      4%         2d3       96%         4
 Manifold Assault         Tloc           4%         N/A       96%         4
 Olgreb's Toxic Radiance  Pois           4%         N/A       96%         4
 Passage of Golubria      Tloc           4%         N/A       96%         4
 Petrify                  Tmut/Erth      4%         N/A       96%         4
 Alistair's Intoxication  Tmut/Pois      2%         N/A       100%        5
 Arcjolt                  Conj/Air       2%         1d12      100%        5
 Lee's Rapid Deconstruct  Erth           2%         3d4*      100%        5
 Lightning Bolt           Conj/Air       2%         1d13      100%        5
 Dispersal                Tloc           2%         N/A       100%        6
 Statue Form              Tmut/Erth      2%         N/A       100%        6
 Ozocubu's Refrigeration  Ice            2%         4d7       100%        7
 Storm Form               Tmut/Air       2%         N/A       100%        7
 Disjunction              Tloc           2%         N/A       100%        8
 Lehudib's Crystal Spear  Conj/Erth      2%         10d2      100%        8
 Chain Lightning          Conj/Air       2%         3d2       100%        9
 Shatter                  Erth           2%         3d6*      100%        9
 Necrotise                Necr           Unusable   1d4       N/A         1
 Slow                     Hex            Unusable   N/A       N/A         1
 Summon Small Mammal      Summ           Unusable   N/A       N/A         1
 Scorch                   Fire           Unusable   2d5       N/A         2
 Confusing Touch          Hex            Unusable   N/A       N/A         3
 Kindle Blastsparks       Fire/Tloc/Air  Unusable   2d10      N/A         3
 Vampiric Draining        Necr           Unusable   2d6       N/A         3
 Flame Wave               Conj/Fire      Unusable   2d5       N/A         4
 Fulminant Prism          Conj/Hex       Unusable   3d5       N/A         4
 Leda's Liquefaction      Hex/Erth       Unusable   N/A       N/A         4
 Metabolic Englaciation   Hex/Ice        Unusable   N/A       N/A         5
 Silence                  Hex/Air        Unusable   N/A       N/A         5
 Simulacrum               Ice/Necr       Unusable   N/A       N/A         6
 Summon Cactus Giant      Summ           Unusable   N/A       N/A         6
 Ignition                 Fire           Unusable   3d3       N/A         8
 Fire Storm               Conj/Fire      Unusable   8d1       N/A         9

Dungeon Overview and Level Annotations

Branches:
Dungeon (15/15)            Temple (0/1) D:5            Lair (5/5) D:9
  Swamp (4/4) Lair:2        Snake (4/4) Lair:3        Slime (0/5) Lair:5
    Orc (2/2) D:12            Elf (3/3) Orc:2        Vaults (1/5) D:13
 Depths (1/4) D:15          Sewer (visited)           IceCv (visited)
Volcano (visited)

Altars:
Cheibriados
Dithmenos
Kikubaaqudgha
Ru
Trog
The Shining One

Shops:
D:14 :   Orc:2 [(*:**   Elf:2 [[   Snake:2 :=:   Depths:1 :

Portals:
Hell: Depths:1
Abyss: Depths:1

Annotations:
D:10 1 runed translucent door, Darkkill's ghost, novice MiHu
Elf:2 5 runed translucent doors


Innate Abilities, Weirdness & Mutations

You do not regenerate when monsters are visible.
You are hated by all.
You cannot train Dodging skill.
You cannot study or cast Fire magic.
You cannot study or cast Hexes magic.
You cannot study or cast Necromancy magic.
You are somewhat unskilled. (-1 Apt)
You are missing an eye, making it more difficult to aim.
You have sharp toenails.
You are partially covered in iridescent scales. (AC +2)
You have a somewhat thin skeletal structure. (Dex +2, Stealth+)


Message History

The vault sentinel casts a spell at you.
You barely resist.
The deep elf high priest shoots an arrow.
The arrow hits you but does no damage.
The deep elf demonologist shouts!
You hear a horrible gurgling sound!
The vault sentinel blows a loud note on a signal horn!
The deep elf high priest utters a dark prayer and points at you.
Your life force is offered up.
* * * LOW HITPOINT WARNING * * *
The yaktaur captain is healed.
The vault sentinel is healed.
You focus your inner power and paralyse the deep elf high priest in retribution!
The yaktaur captain wields a +0 arbalest.
The yaktaur captain shoots a bolt.
The bolt hits you but does no damage.
The yaktaur captain shoots a bolt.
The bolt hits you.
* * * LOW HITPOINT WARNING * * *
You hear a horrible gurgling sound!
You hear a deafening roar!
You hear two shouts!
You are too injured to fight recklessly!
Reach: q) +9 bardiche (freeze)
Press: ? - help, Dir - move target, f/p - deep elf high priest
Aim: a deep elf high priest, wielding a +0 longbow and wearing a +0 leather armour (brilliance aura, paralysed, about 2% to evade your +9 bardiche of freezing)
You reach to attack!
The helpless deep elf high priest fails to defend itself.
You slash the deep elf high priest! You freeze the deep elf high priest.
The deep elf high priest is moderately wounded.
The frost giant points at you and mumbles some strange words.
The bolt of cold hits you! You resist.
* * * LOW HITPOINT WARNING * * *
You hear a horrible gurgling sound!
Reach: q) +9 bardiche (freeze)
Press: ? - help, Dir - move target, f - frost giant, p - deep elf high priest
Aim: a frost giant, wielding a +2 battleaxe of freezing (spells empowered, about 19% to evade your +9 bardiche of freezing)
You reach to attack!
You slash the frost giant! You freeze the frost giant.
The frost giant is lightly wounded.
The yaktaur captain shoots a bolt.
The bolt hits you!
* * * LOW HITPOINT WARNING * * *
A swamp dragon comes into view.
The frost giant points at you and mumbles some strange words.
The bolt of cold hits you! You resist.
You die...

#........#
##......##
##....## ##).##
#))# ##))##
##.)))## #.
##......##
.##''##@○......#
..'.pC○~..##..D.+
..'..ec~..# ....+
.##''##~.......##
#... ##......##
#... ##....## ...
##..## ### ###


You could see a frost giant (empowered), a yaktaur captain (waterlogged), a
swamp dragon, a vault sentinel (empowered, catching breath) and a deep elf high
priest (brilliance aura, paralysed).

Vanquished Creatures
  the Lernaean hydra (Swamp:4)
  Bai Suzhen (Elf:2)
  A shard shrike (IceCv)
  Nikola (Snake:1)
  A walking earthen tome (Depths:1)
  A tentacled monstrosity (Swamp:4)
  Jorgrun (D:12)
  2 deep elf blademasters
  Rupert (D:14)
  A quicksilver dragon (Depths:1)
  A deep elf master archer (Elf:3)
  A shadow dragon (Depths:1)
  Roxanne (Elf:1)
  A thorn hunter (Swamp:2)
  A tengu reaver (Vaults:1)
  Gastronok (Lair:1)
  Kirke (D:15)
  A storm dragon (Depths:1)
  A fenstrider witch (Swamp:3)
  Donald (Swamp:2)
  8 nagarajas
  A deep elf sorcerer (Elf:3)
  A frost giant (Depths:1)
  4 vault wardens (Vaults:1)
  6 deep elf elementalists
  An orc warlord (Vaults:1)
  The ghost of Nism the Fighter, a journeyman DsHu of Hepliaklqana (Swamp:2)
  8 very ugly things
  4 ironbound preservers (Vaults:1)
  5 stone giants
  9 deep elf demonologists
  2 ironbound thunderhulks (Vaults:1)
  A white draconian (IceCv)
  5 eleionomae
  3 bunyips
  9 deep elf annihilators
  9 spark wasps (Depths:1)
  4 dire elephants (Vaults:1)
  6 deep elf death magi
  Josephine (D:14)
  6 ettins
  An entropy weaver (Vaults:1)
  3 deep elf high priests
  2 yaktaur captains (Vaults:1)
  15 vault guards
  2 salamander tyrants
  A rakshasa (Depths:1)
  3 spriggan air magi
  2 ice dragons
  2 ghost crabs
  17 hydras
  2 catoblepae
  23 two-headed ogres
  4 centaur warriors
  6 ogre magi
  8 anacondas
  3 ironbound frosthearts
  4 boulder beetles
  A deep troll earth mage (D:15)
  8 alligators
  6 tengu warriors
  4 death yaks (Lair:3)
  A vampire mage (Depths:1)
  A deep troll shaman (D:15)
  11 naga sharpshooters
  12 dancing weapons
  A spriggan berserker (Swamp:2)
  15 naga warriors
  3 orc high priests
  A sun demon (Volcano)
  Nergalle (Orc:1)
  4 shock serpents
  13 deep elf knights
  3 skeletal warriors
  3 salamander mystics
  5 deep trolls
  2 sea snakes
  7 naga ritualists
  8 goliath frogs
  A glowing orange brain (Depths:1)
  4 spriggan druids
  8 deep elf archers
  4 bog bodies
  15 swamp dragons
  An orange crystal statue (IceCv)
  Pikel (D:5)
  8 harpies (Vaults:1)
  2 necromancers (D:15)
  21 deep elf pyromancers
  A lindwurm (Vaults:1)
  6 orc knights
  33 ugly things
  A stone giant zombie (Vaults:1)
  32 deep elf zephyrmancers
  6 mana vipers
  4 orc sorcerers
  4 cyclopes
  5 manticores
  4 will-o-the-wisps
  15 elephants
  24 black mambas
  3 guardian serpents
  20 salamanders
  2 molten gargoyles (Volcano)
  21 naga magi
  An ice statue (D:14)
  15 cane toads
  A gargoyle (D:10)
  Maurice (D:11)
  3 vault sentinels (Vaults:1)
  A torpor snail (Lair:4)
  3 kobold demonologists
  4 komodo dragons
  9 yaktaurs
  22 rime drakes
  A tengu conjurer (D:15)
  A red devil (Volcano)
  15 trolls
  10 polar bears
  14 hornets
  A tarantella (shapeshifter) (D:13)
  19 slime creatures
  9 tyrant leeches
  9 blink frogs
  14 dream sheep
  3 water elementals
  A vampire (D:11)
  13 spriggans
  3 air elementals
  6 fire bats (Volcano)
  6 wraiths
  2 wyverns
  2 fire elementals
  6 basilisks
  5 hogs (D:15)
  51 yaks
  2 humans
  A redback (Vaults:1)
  11 vampire mosquitoes
  6 wargs
  17 swamp worms
  22 water moccasins
  35 nagas
  2 acid dragons
  2 hell hounds (Volcano)
  8 swamp drakes (Swamp:4)
  24 orc warriors
  2 black bears (D:6)
  2 ice beasts
  2 sky beasts
  22 ogres
  16 wolves
  10 centaurs
  9 kobold brigands
  A lemure (D:5)
  A phantom (D:5)
  Blork the orc (D:6)
  2 gnoll sergeants
  2 scorpions
  A necrophage (D:5)
  4 earth elementals
  16 bullfrogs
  5 wights (D:7)
  12 killer bees
  7 electric eels
  6 howler monkeys
  7 lava snakes (Volcano)
  2 hounds
  5 jellies
  16 orc priests
  2 gnoll boudas
  Jessica (D:2)
  26 orc wizards
  4 iguanas
  17 adders
  18 gnolls
  6 river rats (Sewer)
  2 shadow imps (D:11)
  2 white imps
  4 ufetubi
  3 dart slugs (D:3)
  58 orcs
  12 ball pythons
  9 endoplasms
  4 giant cockroaches
  9 goblins
  8 hobgoblins
  6 jackals (Sewer)
  3 quokkas
  9 bats
  7 frilled lizards
  42 kobolds
  6 kobold skeletons (D:11)
  12 kobold zombies (D:11)
  6 rats
  A briar patch (Swamp:3)
1378 creatures vanquished.

Vanquished Creatures (others)
  A deep elf master archer (Elf:2)
  An iron golem (Depths:1)
  A centaur warrior (D:14)
  A boulder beetle (D:13)
  A two-headed ogre (Orc:2)
  A naga warrior (Snake:4)
  An ironbound frostheart (IceCv)
  An alligator (Swamp:4)
  A deep troll (Orc:2)
  A spriggan druid (Swamp:4)
  An ugly thing (D:14)
  2 deep elf zephyrmancers
  3 cane toads
  A yaktaur (D:15)
  A polar bear (IceCv)
  2 hornets
  2 slime creatures
  A dream sheep (Lair:5)
  A spriggan (Swamp:1)
  A wraith (D:12)
  2 vampire mosquitoes
  A swamp worm (Swamp:1)
  2 water moccasins
  A centaur (D:9)
  A bullfrog (Lair:5)
  An orc wizard (D:13)
  An orc (Orc:2)
  4 kobolds (D:11)
  8 foxfires
  44 fungi
  114 plants
204 creatures vanquished.

Grand Total: 1582 creatures vanquished

Notes
Turn   | Place    | Note
-------+----------+-------------------------------------------
     0 | D:5      | blackman the Human Delver began the quest for the Orb.
     0 | D:5      | Reached XP level 1. HP: 18/18 MP: 1/1
    30 | D:5      | Reached XP level 2. HP: 22/24 MP: 2/2
    90 | D:5      | HP: 1/24 [iguana (12)]
   174 | D:6      | Noticed a hornet
   174 | D:6      | Noticed a sky beast
   188 | D:5      | Noticed a phantom
   199 | D:5      | Reached XP level 3. HP: 9/29 MP: 3/3
   203 | D:5      | Reached XP level 4. HP: 12/35 MP: 4/4
   215 | D:5      | Killed a phantom
   216 | D:5      | Reached skill level 5 in Polearms
   216 | D:5      | Reached XP level 5. HP: 16/41 MP: 5/5
   347 | D:5      | Noticed an ogre
   568 | D:5      | Noticed a lemure
   568 | D:5      | Noticed a lemure
   568 | D:5      | Noticed a lemure
   568 | D:5      | Noticed a lemure
   571 | D:5      | Noticed Pikel
   587 | D:5      | Noticed an ice beast
  1009 | D:4      | Reached XP level 6. HP: 39/47 MP: 6/6
  1675 | D:3      | Found a glowing drain.
  1684 | Sewer    | Entered a sewer
  1870 | Sewer    | Reached XP level 7. HP: 19/52 MP: 7/7
  2843 | D:3      | Found a sacrificial altar of Ru.
  2854 | D:3      | Became a worshipper of Ru the Awakened
  3693 | D:2      | Noticed Jessica
  3703 | D:2      | Killed Jessica
  4010 | D:2      | Gained mutation: You are hated by all. [Ru sacrifice]
  4010 | D:2      | Reached * piety under Ru
  4348 | D:2      | Found a glowing golden altar of the Shining One.
  4814 | D:1      | Found a faded altar of an unknown god.
  4861 | D:1      | Gained mutation: You are vulnerable to heat. (rF-) [potion
                  | of mutation]
  4861 | D:1      | Gained mutation: You are clumsy. (Dex -2) [potion of
                  | mutation]
  4861 | D:1      | Gained mutation: You are weak. (Str -2) [potion of
                  | mutation]
  4862 | D:1      | Lost mutation: You are weak. (Str -2) [potion of mutation]
  4862 | D:1      | Lost mutation: You are vulnerable to heat. (rF-) [potion of
                  | mutation]
  4862 | D:1      | Gained mutation: You are dopey. (Int -2) [potion of
                  | mutation]
  4862 | D:1      | Gained mutation: You have a somewhat thin skeletal
                  | structure. (Dex +2, Stealth+) [potion of mutation]
  4913 | D:1      | Lost mutation: You are clumsy. (Dex -2) [potion of
                  | mutation]
  4913 | D:1      | Lost mutation: You are dopey. (Int -2) [potion of mutation]
  4913 | D:1      | Gained mutation: You are partially covered in iridescent
                  | scales. (AC +2) [potion of mutation]
  4913 | D:1      | Gained mutation: You have sharp toenails. [potion of
                  | mutation]
  5572 | D:5      | Killed Pikel
  5573 | D:5      | Reached XP level 8. HP: 67/67 MP: 8/8
  5926 | D:5      | Found a staircase to the Ecumenical Temple.
  6112 | D:5      | Reached XP level 9. HP: 67/74 MP: 9/9
  6646 | D:6      | Noticed Blork the orc
  6655 | D:6      | Killed Blork the orc
  6728 | D:6      | Paralysed by a hornet for 1 turns
  6928 | D:6      | Gained mutation: You cannot train Dodging skill. [Ru
                  | sacrifice]
  6928 | D:6      | Reached ** piety under Ru
  6928 | D:6      | Reached *** piety under Ru
  7119 | D:6      | Paralysed by a hornet for 1 turns
  7121 | D:6      | Killed a hornet
  7567 | D:7      | Reached skill level 1 in Armour
  7598 | D:7      | Reached XP level 10. HP: 83/83 MP: 10/10
  7999 | D:7      | Reached skill level 5 in Armour
  8149 | D:8      | Found the +7 Kryia's mail coat {PotionHeal*2 rC+}
  8226 | D:8      | Noticed a seven-headed hydra
  8233 | D:8      | Noticed a red ugly thing
  8234 | D:8      | Noticed a white ugly thing
  8398 | D:8      | Killed a seven-headed hydra
  8561 | D:9      | Killed a red ugly thing
  8647 | D:9      | Found a staircase to the Lair.
  8814 | D:9      | Noticed a manticore
  8843 | D:9      | Reached XP level 11. HP: 75/89 MP: 11/11
  8849 | D:9      | Killed a manticore
  9058 | D:9      | Noticed a two-headed ogre
  9068 | D:9      | Reached skill level 10 in Armour
  9074 | D:9      | Killed a two-headed ogre
  9556 | D:9      | Gained mutation: You cannot study or cast Fire magic. [Ru
                  | sacrifice]
  9556 | D:9      | Gained mutation: You cannot study or cast Hexes magic. [Ru
                  | sacrifice]
  9556 | D:9      | Gained mutation: You cannot study or cast Necromancy magic.
                  | [Ru sacrifice]
  9556 | D:9      | Reached **** piety under Ru
  9738 | D:8      | Killed a red ugly thing
 10274 | D:8      | Identified a scroll of acquirement
 10275 | D:8      | Acquired 1129 gold pieces
 10628 | Lair:1   | Entered Level 1 of the Lair of Beasts
 10659 | Lair:1   | Noticed a catoblepas
 11236 | D:10     | Entered Level 10 of the Dungeon
 11291 | D:10     | Noticed a two-headed ogre
 11299 | D:10     | Killed a two-headed ogre
 11555 | D:10     | Reached skill level 10 in Polearms
 11614 | D:10     | Noticed a two-headed ogre
 11635 | D:10     | Killed a two-headed ogre
 11695 | D:10     | Reached XP level 12. HP: 54/91 MP: 12/12
 11917 | D:10     | Identified the ring of Qemu {*Corrode rF+ Will++ AC+4}
 12052 | D:10     | Noticed Darkkill's ghost (novice MiHu)
 12055 | D:10     | Found a runed translucent door.
 12356 | D:10     | Gained mutation: You do not regenerate when monsters are
                  | visible. [Ru sacrifice]
 12522 | D:11     | Found a shadowy altar of Dithmenos.
 12639 | D:11     | Noticed a two-headed ogre
 12652 | D:11     | Killed a two-headed ogre
 12759 | D:11     | Noticed Maurice
 12783 | D:11     | Killed Maurice
 13131 | D:11     | Noticed a centaur warrior
 13150 | D:11     | Killed a centaur warrior
 13382 | D:11     | Identified the +2 leather armour "Rybib" {rPois MP+9 Int+4
                  | Slay+3}
 13512 | D:11     | Found an ancient bone altar of Kikubaaqudgha.
 13601 | D:11     | Identified the +6 war axe of Abuse {vorpal, *Noise rF+++
                  | Dex+3}
 13771 | D:11     | Upgraded the game from 0.30-a0-390-g80c34de65d to
                  | 0.30-a0-393-g54b8e3be05
 14184 | D:12     | Found a staircase to the Orcish Mines.
 14465 | D:12     | Reached skill level 10 in Fighting
 14478 | D:12     | Noticed Jorgrun
 14525 | D:12     | Killed Jorgrun
 14861 | D:12     | Reached XP level 13. HP: 105/105 MP: 13/13
 15364 | D:12     | Gained mutation: You are missing an eye, making it more
                  | difficult to aim. [Ru sacrifice]
 15364 | D:12     | Reached ***** piety under Ru
 16068 | Lair:1   | Killed a catoblepas
 16654 | Lair:1   | Noticed Gastronok
 16658 | Lair:1   | Killed Gastronok
 16845 | Lair:1   | You fall into a shaft and drop 1 floor!
 16958 | Lair:2   | Found a staircase to the Swamp.
 17923 | Lair:1   | Found the +3 pair of seven-league boots {Rampage+∞}
 18234 | Lair:2   | Identified the +8 hand axe "Ynticsol" {vamp, Fly rPois}
 18989 | Lair:2   | Gained mutation: You are somewhat unskilled. (-1 Apt) [Ru
                  | sacrifice]
 18989 | Lair:2   | Reached ****** piety under Ru
 19569 | Lair:3   | Reached XP level 14. HP: 37/118 MP: 14/14
 19581 | Lair:3   | Found a dark tunnel.
 19666 | Volcano  | Entered a volcano
 20046 | Volcano  | Found a bloodstained altar of Trog.
 20607 | Lair:3   | Found a staircase to the Snake Pit.
 21457 | Snake:1  | Entered Level 1 of the Snake Pit
 23085 | Lair:5   | Entered Level 5 of the Lair of Beasts
 24772 | Lair:5   | Reached XP level 15. HP: 55/112 MP: 15/15
 26329 | Lair:5   | Found a staircase to the Slime Pits.
 27953 | D:13     | Identified the +6 spear of Iwku {vamp, rC+ Will+ rCorr
                  | Str+4}
 28273 | D:13     | Found a gate to the Vaults.
 28482 | Orc:1    | Entered Level 1 of the Orcish Mines
 28525 | Orc:1    | Noticed Nergalle
 28635 | Orc:1    | Killed Nergalle
 28940 | Orc:2    | Entered Level 2 of the Orcish Mines
 29039 | Orc:2    | Reached skill level 15 in Fighting
 29080 | Orc:2    | Found Nyfixzo's Weapon Boutique.
 29092 | Orc:2    | Reached XP level 16. HP: 109/136 MP: 7/16
 30656 | Orc:2    | Found a staircase to the Elven Halls.
 31651 | Orc:2    | Found Beyf's General Store.
 31659 | Orc:2    | Bought 2 potions of curing for 90 gold pieces
 31686 | Orc:2    | Found Siurphuc's General Store.
 31741 | Orc:2    | Reached skill level 15 in Polearms
 32235 | Orc:2    | Found Semed's Antique Armour Boutique.
 32240 | Orc:2    | Found Ysoa's General Store.
 32243 | Orc:2    | Bought a pair of runed gloves for 232 gold pieces
 32243 | Orc:2    | Bought a glimmering chain mail for 294 gold pieces
 32243 | Orc:2    | Identified the +1 chain mail of Reasonable Creativity
                  | {-Tele rC+ Int+4} (You bought it in a shop on level 2 of
                  | the Orcish Mines)
 32260 | Orc:2    | Bought 6 curare-tipped darts for 61 gold pieces
 32262 | Orc:2    | Found Movasimyu's Book Shop.
 32266 | Orc:2    | Bought the +3 Mad Mage's Maulers {Infuse+∞ RegenMP Int-3}
                  | for 480 gold pieces
 32266 | Orc:2    | Found the +3 Mad Mage's Maulers {Infuse+∞ RegenMP Int-3}
 32266 | Orc:2    | Bought a potion of invisibility for 96 gold pieces
 32517 | D:14     | Found Lecauv's Book Emporium.
 32530 | D:14     | Found a frozen archway.
 32530 | D:14     | Noticed Josephine
 32576 | D:14     | Killed Josephine
 32873 | IceCv    | Entered an ice cave
 33768 | IceCv    | Noticed a shard shrike
 33774 | IceCv    | Killed a shard shrike
 34698 | D:14     | Noticed Rupert
 34717 | D:14     | Killed Rupert
 34931 | D:14     | Reached XP level 17. HP: 144/144 MP: 1/17
 35346 | D:15     | Entered Level 15 of the Dungeon
 35362 | D:15     | Noticed Kirke
 35363 | D:15     | Killed Kirke
 37904 | D:15     | Identified the +12 mace "Jellyslayer" {freeze, Str+3}
 38476 | D:15     | Found a portal to a secret trove of treasure.
 38505 | D:15     | You paid a toll of 4 scrolls of blinking to enter a
                  | treasure trove
 38506 | Trove    | Entered a treasure trove
 38515 | Trove    | Identified the +0 helmet of the Midnight Sun {-Cast Str+8
                  | Int-3 Dex+7}
 38519 | Trove    | Identified the +8 chain mail of the Purple Skies {MP+9
                  | Str+3}
 38526 | Trove    | Identified the amulet of Sunnear {Spirit Harm rF+ Dex+7}
 38565 | Trove    | Identified the +0 ring mail of the Cockatrice {Rampage rC+
                  | Int-3}
 38616 | D:15     | Found a staircase to the Depths.
 38740 | Depths:1 | Entered Level 1 of the Depths
 39040 | Snake:1  | Noticed Nikola
 39238 | Snake:1  | Killed Nikola
 39719 | Snake:1  | Found a bloodstained altar of Trog.
 39797 | Snake:1  | Identified the +6 halberd "Worm's Wrath" {freeze, rC+}
 40456 | Snake:1  | Reached skill level 1 in Spellcasting
 40827 | Snake:2  | You fall into a shaft and drop 1 floor!
 41166 | Snake:3  | Reached XP level 18. HP: 87/151 MP: 0/24
 41525 | Snake:2  | Reached skill level 5 in Spellcasting
 43447 | Snake:4  | Entered Level 4 of the Snake Pit
 46602 | Snake:4  | Reached XP level 19. HP: 161/162 MP: 1/30
 46648 | Snake:4  | Got a serpentine rune of Zot
 47262 | Elf:1    | Entered Level 1 of the Elven Halls
 48766 | Elf:1    | Noticed Roxanne
 48775 | Elf:1    | Killed Roxanne
 49848 | Elf:1    | Identified the ring "Wedokhux" {rCorr Int+2 Dex-3 SInv}
 50258 | Elf:2    | Found Hanoap's Armour Boutique.
 50448 | Elf:2    | Identified the amulet "Zoliafoh" {Reflect Will+ SH+5}
 50448 | Elf:2    | Found Ypreares's Armour Shop.
 50760 | Elf:2    | Found a huge runed translucent gate.
 50761 | Elf:2    | Found a huge runed translucent gate.
 50762 | Elf:2    | Found a huge runed translucent gate.
 50769 | Elf:2    | Found a huge runed translucent gate.
 50769 | Elf:2    | Found a huge runed translucent gate.
 51057 | Elf:3    | Entered Level 3 of the Elven Halls
 51119 | Elf:3    | Identified the ring of Xoobishro {Ice rPois Will+}
 51470 | Elf:3    | Noticed a deep elf blademaster
 51474 | Elf:3    | Noticed a Brimstone Fiend
 51484 | Elf:2    | Killed a deep elf blademaster
 52040 | Elf:3    | Reached skill level 10 in Spellcasting
 52665 | Elf:3    | Noticed a Hell Sentinel
 52946 | Elf:3    | Noticed a Tzitzimitl
 53559 | Elf:3    | Noticed an Ice Fiend
 53853 | Elf:3    | Reached XP level 20. HP: 170/171 MP: 1/34
 53887 | Elf:3    | Identified the +1 morningstar "Poso" {flame, Fly rF+ Str+3}
 53887 | Elf:3    | Identified the ring "Urisyuf" {Contam Fly rF+++ rC- Dex+5}
 54235 | Elf:3    | Identified the ring "Xeossuit" {+Blink rElec Str+6 Dex-3
                  | Stlth+}
 54270 | Elf:3    | Identified the ring "Lod Gem" {rC+ Dex+4 SInv}
 55096 | Elf:3    | Noticed Bai Suzhen
 55324 | Elf:2    | Killed Bai Suzhen
 56027 | Elf:3    | Identified the +1 scale mail of Iloit {rC+ Int+6 Slay+3}
 57495 | Elf:3    | Paralysed by an air elemental for 1 turns
 57865 | Elf:3    | Identified the ring "Mires" {rF+ SInv}
 58265 | Elf:3    | Identified the +0 hand axe of Beyond {flame, *Noise Str+5
                  | Int+2 Dex-4}
 58514 | Elf:3    | Upgraded the game from 0.30-a0-393-g54b8e3be05 to
                  | 0.30-a0-476-g330ca2eb8e
 59792 | Snake:2  | Found Pish's Book Shop.
 59793 | Snake:2  | Found Wywaehoch's Jewellery Emporium.
 59794 | Snake:2  | Found Taenuaschyo's Book Shop.
 60021 | Swamp:1  | Entered Level 1 of the Swamp
 60906 | Swamp:1  | Acquired 465 gold pieces
 61719 | Swamp:2  | Noticed Donald
 61832 | Swamp:2  | Killed Donald
 62326 | Swamp:2  | Found a runed translucent gate.
 62327 | Swamp:2  | Found a runed translucent gate.
 62328 | Swamp:2  | Found a runed translucent gate.
 62330 | Swamp:2  | Noticed Nism's ghost (journeyman DsHu)
 62384 | Swamp:2  | Killed Nism's ghost
 62388 | Swamp:2  | Identified the +1 pair of gloves of the Hot Ocelot {rF++
                  | rC+ Int-2 SInv}
 64346 | Swamp:3  | Reached XP level 21. HP: 178/178 MP: 1/37
 65677 | Swamp:4  | Entered Level 4 of the Swamp
 66786 | Swamp:4  | Noticed the 27-headed Lernaean hydra
 66788 | Swamp:4  | Killed the 26-headed Lernaean hydra
 66804 | Swamp:3  | HP: 3/161 [poisoned by a swamp dragon (blast of poison)]
 69740 | Swamp:4  | Got a decaying rune of Zot
 70937 | Depths:1 | Found a snail-covered altar of Cheibriados.
 71313 | Depths:1 | Found a one-way gate to the infinite horrors of the Abyss.
 71626 | Depths:1 | Found a gateway to Hell.
 73346 | Depths:1 | Found Koffuih's Book Shop.
 74113 | Vaults:1 | Entered Level 1 of the Vaults
 74572 | Vaults:1 | Reached XP level 22. HP: 167/168 MP: 1/40
 74969 | Vaults:1 | Found a flickering gateway to a bazaar.
 76157 | Vaults:1 | Reached skill level 15 in Armour
 76171 | Vaults:1 | HP: 5/167 [yaktaur captain/bolt (13)]
 76171 | Vaults:1 | Killed from afar by a frost giant

Illustrated notes

Levels and vault maps discovered:
D:1:      arrival_aquarium_b, layout_basic,
          hellmonk_ecumenical_altar_crossroads, serial_bayou_pond_b
D:2:      layout_basic, basic_altar, hangedman_decor_points, uniq_jessica
D:3:      cheibrodos_old_hovel, layout_loops_ring, old_standard_altar,
          serial_co_window_serial, co_window_corner_a,
          co_window_of_opportunity_a, co_window_paths_a, co_window_corner_a,
          co_window_of_opportunity_a, co_window_paths_a, co_window_paths_a,
          co_window_corner_ca, co_window_broadway_b, co_window_of_opportunity_c,
          glass_columns_a, glass_columns_b, glass_columns_a,
          portal_sewer_entry_d, minmay_cupped
D:4:      layout_basic
D:5:      layout_basic, minmay_temple_entry_enclosed_plants, uniq_pikel
D:6:      layout_loops_ring, abandoned_shop, kennysheep_windowed_goal,
          uniq_blork_the_orc
D:7:      layout_rooms
D:8:      minmay_curly_fans, layout_basic, minmay_door_square
D:9:      layout_irregular_city, lair_entry_dummy, nzn_random_ring
D:10:     layout_basic, hellmonk_ghost_happy_afterlife
D:11:     wander_kiku_kobolds, layout_irregular_city,
          nicolae_dithmenos_the_darkroom, uniq_maurice
D:12:     layout_layer_cave, david_orc_3, uniq_jorgrun
D:13:     hellmonk_destroyed_diamonds, layout_rooms,
          grunt_vaults_entry_fortified
D:14:     layout_irregular_city, serial_shops, nicolae_stop_n_shop_1,
          serial_park_paths [serial_park_minivault_5x5_2],
          portal_ice_cave_entry_ice_statue_two, nicolae_wwwww, uniq_rupert,
          uniq_josephine
D:15:     hangedman_depths_entry_civil_slaughter, layout_cave_pools,
          enter_trove_2, serial_bayou_shore_b, uniq_kirke
Lair:1:   layout_hall_layers, hellmonk_guarded_unrand_seven_league_boots,
          lemuel_fruit_fields, grunt_megastairs_5, uniq_gastronok
Lair:2:   layout_loops_ring, minmay_swamp_entry_eels
Lair:3:   layout_hall_layers, minmay_snake_entry_six_corridors,
          nicolae_volcano_entry_s_turn
Lair:4:   layout_roguey, kennysheep_catoblepas_arena
Lair:5:   minmay_lair_end_frog_pond, layout_gridlike, minmay_slime_entry_pillars
Swamp:1:  layout_basic_swamp, evilmike_swamp_ruin_rubble_2
Swamp:2:  layout_falls_marsh, ebering_ghost_rock_garden,
          nicolae_swamp_fairy_circle, infiniplex_staircase_pool, uniq_donald
Swamp:3:  layout_falls_marsh, evilmike_swamp_ruin_house_1
Swamp:4:  swamp_old_school, layout_basic_swamp, swamp_pool3
Snake:1:  layout_grid_maze, basic_altar, grunt_ministairs_3, uniq_nikola
Snake:2:  layout_onion, minmay_shop_grove
Snake:3:  layout_chambers, grunt_megastairs_1
Snake:4:  snake_pit, layout_cave_town, grunt_ministairs_2, serial_bayou_shore_a
Orc:1:    layout_diamond_mine, uniq_nergalle
Orc:2:    st_orc_open, layout_diamond_mine, serial_shops,
          nicolae_shop_hallway_stairs, guppyfry_orc_lava_fort
Elf:1:    eino_elf_arrival_shootout, layout_rooms,
          kennysheep_underground_church, uniq_roxanne
Elf:2:    elven_hall_of_blades_hangedman_alternative [grunt_blade_entry_basic],
          layout_geoelf_grid, serial_shops, nicolae_take_the_stairs,
          nicolae_shop_temple_entry_statues_fountains
Elf:3:    grunt_elf_hall_spiral, layout_loops_corners, drop_trap,
          minmay_misc_feat_rows, uniq_bai_suzhen
Vaults:1: st_greater_box_3, v_misc_10, vaults_dpeg_cross,
          nicolae_vaults_sealed_display, v_pattern_3, dpeg_vaults_monster_row,
          hangedman_vaults_slice, layout_vaults_omnicross, serial_shops,
          bzr_in_the_mist
Depths:1: minmay_textured_paths, layout_cave_shapes, kennysheep_flooded_box,
          pf_coc_iceberg, serial_shops, shop, abyss_entry, drop_trap,
          hangedman_abyss_or_decor_clamps, chei_slow_surprise

Skill      XL: |  1  2  3  4  5  6  7  8  9 10 11 12 13 14 15 16 17 18 19 20 21 22 |
---------------+-------------------------------------------------------------------+-----
Polearms       | 3 4 5 6 7 9 10 13 12 13 14 16 18 19 20 | 20.0
Fighting       | 7 8 9 10 13 15 16 17 18 19 20 | 20.5
Dodging        | 0 |  0.0
Armour         | 2 9 12 11 14 15 | 15.1
Stealth        | 4 |  4.5
Spellcasting   | 4 7 10 12 14 | 14.0
Evocations     | |  0.2

Action                   |  1- 3 |  4- 6 |  7- 9 | 10-12 | 13-15 | 16-18 | 19-21 | 22-24 || total
-------------------------+-------+-------+-------+-------+-------+-------+-------+-------++-------
Melee: Spear             |    27 |   208 |   160 |       |   272 |       |       |       ||   667
       Trident           |       |       |   267 |       |       |       |       |       ||   267
       Kick              |       |       |    59 |     6 |       |       |       |       ||    65
       Punch             |       |       |     2 |       |     1 |       |       |       ||     3
       Halberd           |       |       |    81 |   823 |  1491 |       |       |       ||  2395
       Glaive            |       |       |       |       |    11 |   413 |       |       ||   424
       Bardiche          |       |       |       |       |       |   577 |   830 |   127 ||  1534
Throw: Throwing net      |       |       |       |     3 |       |     3 |     2 |       ||     8
       Javelin           |       |       |       |       |     4 |       |       |       ||     4
       Dart              |       |       |       |       |     2 |       |       |       ||     2
Invok: Sacrifice Love    |       |       |     1 |       |       |       |       |       ||     1
       Sacrifice Nimblen |       |       |     1 |       |       |       |       |       ||     1
       Power Leap        |       |       |       |     3 |     2 |       |     1 |       ||     6
       Draw Out Power    |       |       |       |     3 |       |     1 |       |       ||     4
       Sacrifice Arcana  |       |       |       |     1 |       |       |       |       ||     1
       Sacrifice Purity  |       |       |       |     1 |       |       |       |       ||     1
       Apocalypse        |       |       |       |       |    13 |    10 |     8 |     2 ||    33
       Sacrifice Skill   |       |       |       |       |     1 |       |       |       ||     1
       Sacrifice an Eye  |       |       |       |       |     1 |       |       |       ||     1
Evoke: Wand              |     1 |       |     2 |    14 |    18 |       |       |       ||    35
       Condenser vane    |       |       |       |       |     2 |       |     1 |       ||     3
       Tin of tremorston |       |       |       |       |     2 |       |     2 |       ||     4
       Phial of floods   |       |       |       |       |       |       |     1 |     1 ||     2
  Use: Scroll            |     2 |     1 |     7 |    12 |     3 |    12 |     8 |       ||    45
       Potion            |     2 |       |    10 |     5 |    13 |     3 |    12 |     1 ||    46
 Stab: Sleeping          |     1 |       |     1 |    12 |    11 |     4 |       |     2 ||    31
       Distracted        |       |     1 |     2 |     5 |    14 |    11 |    11 |     1 ||    45
       Invisible         |       |       |       |     3 |    11 |     4 |     7 |       ||    25
       Petrified         |       |       |       |     2 |       |       |       |       ||     2
       Held in net/web   |       |       |       |     4 |       |       |     1 |       ||     5
       Paralysed         |       |       |       |       |    21 |    10 |     9 |     8 ||    48
Armor: Leather armour    |     5 |    36 |       |       |       |       |       |       ||    41
       Chain mail        |       |    66 |   211 |       |       |   183 |   664 |    72 ||  1196
       Scale mail        |       |       |    17 |   579 |  1199 |   637 |       |       ||  2432
       Skin              |       |       |     5 |       |       |       |       |       ||     5
       Plate armour      |       |       |    78 |    28 |       |       |       |       ||   106
Dodge: Dodged            |    15 |    78 |   125 |   352 |   633 |   438 |   301 |    36 ||  1978
Block: Other             |       |       |       |   109 |   323 |   221 |       |       ||   653
       Reflection        |       |       |       |     3 |     6 |    17 |       |       ||    26

Table legend: (Time is in decaauts)
 A = Elapsed time spent in this place.
 B = Non-inter-level travel time spent in this place.
 C = Inter-level travel time spent in this place.
 D = Time resting spent in this place.
 E = Time spent auto-exploring this place.
 F = Levels seen in this place.
 G = Mean time per level.
                   A        B        C        D        E       F      G
               +--------+--------+--------+--------+--------+-----+--------+
         Total |  76326 |  72569 |   3757 |  27553 |  33825 |  39 | 1957.1 |
       Dungeon |  22655 |  21224 |   1431 |   6338 |  10887 |  15 | 1510.3 |
          Lair |  11145 |  10294 |    851 |   3824 |   4590 |   5 | 2229.0 |
         Swamp |  10124 |   9950 |    174 |   5341 |   3658 |   4 | 2531.0 |
     Snake Pit |   9099 |   8469 |    630 |   1510 |   5855 |   4 | 2274.8 |
  Orcish Mines |   5238 |   5043 |    195 |   3414 |   1125 |   2 | 2619.0 |
   Elven Halls |  10246 |   9862 |    384 |   5738 |   2913 |   3 | 3415.3 |
        Vaults |   2043 |   2040 |      3 |     41 |   1649 |   1 | 2043.0 |
        Depths |   2030 |   1943 |     87 |    561 |   1098 |   1 | 2030.0 |
         Trove |     76 |     76 |      0 |      0 |      1 |   1 |   76.0 |
         Sewer |   1241 |   1241 |      0 |      0 |    948 |   1 | 1241.0 |
      Ice Cave |   1654 |   1654 |      0 |    472 |    886 |   1 | 1654.0 |
       Volcano |    770 |    770 |      0 |    312 |    212 |   1 |  770.0 |
               +--------+--------+--------+--------+--------+-----+--------+

Top non-repeatable levels by time:
   Elf:2: 6843 daAuts
    D:14: 3742 daAuts
 Snake:3: 3738 daAuts
 Swamp:2: 3543 daAuts
  Lair:4: 3328 daAuts
 Swamp:3: 3246 daAuts
   Orc:1: 2650 daAuts
   Orc:2: 2587 daAuts
  Lair:1: 2562 daAuts
    D:15: 2498 daAuts
    D:11: 2361 daAuts
 Snake:4: 2177 daAuts
  Lair:3: 2166 daAuts
Vaults:1: 2043 daAuts
Depths:1: 2030 daAuts
